Map: [ESL] Hecate

Players

milkicow

  • Race: Terran Terran
  • Spawn Location: 1:00

GunGFuBanDa - Winner!

  • Race: Protoss Protoss
  • Spawn Location: 7:00

Event: ESL SC2 Masters 2023 Winter (Regional)

VOD

Have the link to the VOD?

Description

Time

  • Played on: Nov. 5, 2023, 10:19 a.m.
  • Length: 9:47

All games in this series

Show
View Real Time Build Order
Export as new Build Order

milkicow Terran 

Build Orders: 1/1/1 

Get SALT Encoding   

  12  0:00  SCV  
  13  0:12  SCV  
  14  0:17  Supply Depot  
  14  0:24  SCV  
  15  0:38  SCV  
  15  0:39  Barracks  
  16  0:45  Refinery  
  16  0:50  SCV  
  16  0:55  Refinery  
  17  1:02  SCV  
  18  1:15  SCV  
  19  1:22  Engineering Bay  
  19  1:32  Orbital Command  
  19  1:42  Factory  
  19  1:46  Reaper  
  19  1:57  SCV  
  19  1:58  Supply Depot  
  20  2:09  SCV  
  21  2:22  SCV  
  22  2:27  Starport  
  22  2:30  Widow Mine  
  22  2:36  Command Center  
  24  2:38  SCV  
  25  2:47  Barracks Reactor  
  25  2:50  SCV  
  26  2:53  Widow Mine  
  26  2:54  Supply Depot  
  28  3:02  SCV  
  29  3:10  Medivac  
  31  3:16  SCV  
  32  3:23  Widow Mine, Marine x2  
  35  3:28  SCV  
  35  3:33  Armory  
  36  3:40  Starport Tech Lab, SCV  
  36  3:41  Marine x2  
  37  3:46  Factory Tech Lab  
  39  3:52  SCV  
  40  4:00  Marine x2  
  40  4:02  Orbital Command  
  42  4:04  SCV  
  42  4:05  Siege Tank  
  46  4:16  SCV  
  47  4:25  Marine x2  
  47  4:29  SCV  
  49  4:38  Siege Tank  
  50  4:40  SCV  
  50  4:41  SCV  
  50  4:46  Barracks  
  50  4:50  Marine x2  
  50  4:52  Supply Depot, SCV  
  51  4:54  SCV  
  51  4:56  Raven  
  52  5:04  SCV  
  52  5:06  Barracks  
  52  5:07  Marine, SCV, Refinery  
  51  5:09  Bunker  
  53  5:14  Supply Depot  
  53  5:15  Marine  
  53  5:16  SCV  
  53  5:19  SCV  
  56  5:23  Factory Reactor  
  56  5:25  Marine, Engineering Bay  
  56  5:28  SCV  
  58  5:32  SCV  
  58  5:33  Marine  
  56  5:40  SCV  
  55  5:44  SCV  
  55  5:45  Siege Tank  
  55  5:46  Marine  
  58  5:52  SCV  
  58  5:56  SCV  
  60  5:59  Stimpack, Marine  
  60  6:00  Marine  
  60  6:03  Bunker  
  62  6:04  Supply Depot  
  62  6:09  Terran Infantry Weapons Level 1  
  62  6:10  Supply Depot, SCV, Marine x2  
  65  6:17  SCV  
  65  6:18  Siege Tank  
  65  6:21  Marine  
  65  6:22  SCV  
  65  6:25  Barracks Tech Lab  
  65  6:29  SCV  
  66  6:33  Supply Depot  
  66  6:35  Marine  
  66  6:39  SCV, Marauder  
  70  6:41  SCV  
  70  6:45  Marine  
  70  6:46  Marauder  
  73  6:51  SCV  
  73  6:52  Marine  
  73  6:53  SCV  
  73  6:54  Starport Reactor  
  76  7:00  Marauder  
  78  7:02  Siege Tank  
  78  7:03  Marine  
  78  7:07  SCV  
  84  7:12  Marine x2  
  84  7:15  Refinery  
  85  7:17  Supply Depot x2  
  85  7:20  Combat Shield  
  85  7:21  Marine  
  86  7:33  Supply Depot  
  86  7:37  Command Center  
  86  7:38  Medivac, Marine x2  
  86  7:40  Supply Depot  
  90  7:44  Medivac  
  90  7:46  Marauder, Marine  
  95  7:56  Marauder, Marine  
  99  8:03  Barracks  
  99  8:04  Barracks, Marine  
  99  8:06  Siege Tank, Concussive Shells  
  99  8:08  SCV, Marauder  
  105  8:14  Marine, Medivac  
  105  8:17  SCV  
  108  8:21  SCV  
  108  8:26  Viking  
  110  8:29  SCV  
  110  8:33  Missile Turret  
  111  8:35  Marauder, Marine  
  111  8:40  Marine, SCV  
  111  8:41  Marauder  
  118  8:49  Widow Mine  
  118  8:50  Supply Depot x2, SCV  
  119  8:59  Marauder  
  118  9:07  Marine x3  
  118  9:09  Marine  
  100  9:11  Viking  
  96  9:23  SCV  
  94  9:24  Marine, Marauder  
  94  9:29  Marine  
  94  9:30  SCV  
  87  9:43  Ghost Academy  
Show
View Real Time Build Order
Export as new Build Order

GunGFuBanDa Protoss - Winner!

Build Orders: Blink Stalkers 

Get SALT Encoding   

  12  0:00  Probe  
  13  0:12  Probe  
  14  0:17  Pylon  
  14  0:24  Probe (Chrono Boost)  
  16  0:36  Gateway  
  16  0:37  Probe (Chrono Boost)  
  16  0:43  Probe (Chrono Boost)  
  16  0:45  Assimilator  
  17  0:51  Probe  
  18  1:03  Probe  
  19  1:15  Probe  
  20  1:24  Cybernetics Core  
  20  1:27  Probe (Chrono Boost)  
  21  1:33  Pylon  
  21  1:36  Probe (Chrono Boost)  
  22  1:41  Probe (Chrono Boost)  
  23  1:54  Nexus  
  23  1:59  Adept (Chrono Boost)  
  25  2:04  Warp Gate  
  25  2:08  Assimilator  
  25  2:10  Probe  
  26  2:20  Stalker (Chrono Boost)  
  28  2:26  Probe  
  29  2:38  Probe  
  30  2:46  Twilight Council  
  30  2:50  Probe  
  31  3:05  Stalker  
  31  3:06  Probe (Chrono Boost)  
  31  3:09  Gateway  
  31  3:11  Probe (Chrono Boost)  
  35  3:19  Probe x2 (Chrono Boost)  
  36  3:21  Blink (Chrono Boost)  
  37  3:30  Probe x2  
  39  3:39  Robotics Facility  
  39  3:41  Pylon  
  39  3:42  Probe  
  39  3:46  Probe  
  41  3:53  Gateway  
  41  3:54  Probe, Stalker  
  44  3:58  Probe  
  44  3:59  Assimilator  
  44  4:02  Pylon  
  45  4:06  Probe  
  46  4:10  Probe  
  45  4:25  Stalker x2  
  45  4:31  Observer (Chrono Boost)  
  46  4:34  Probe (Chrono Boost)  
  46  4:36  Probe (Chrono Boost)  
  46  4:46  Probe (Chrono Boost)  
  46  4:47  Warp Prism (Chrono Boost)  
  46  4:52  Probe (Chrono Boost)  
  50  4:53  Probe (Chrono Boost)  
  50  4:58  Probe  
  49  5:05  Stalker x2  
  49  5:06  Stalker  
  55  5:08  Probe  
  55  5:12  Probe (Chrono Boost)  
  55  5:13  Pylon  
  58  5:25  Probe (Chrono Boost)  
  58  5:26  Probe (Chrono Boost)  
  59  5:29  Pylon  
  57  5:37  Probe  
  57  5:40  Stalker x3  
  64  5:45  Probe  
  64  5:49  Probe (Chrono Boost)  
  62  6:01  Nexus, Probe (Chrono Boost)  
  64  6:05  Probe (Chrono Boost)  
  64  6:23  Probe  
  64  6:24  Probe  
  64  6:25  Robotics Bay  
  66  6:26  Stalker x3  
  66  6:27  Forge  
  72  6:36  Probe x2  
  72  6:38  Charge  
  74  6:41  Pylon x2  
  74  6:48  Probe  
  74  6:52  Observer  
  75  6:54  Probe  
  75  6:57  Immortal (Chrono Boost)  
  75  7:00  Pylon  
  80  7:02  Protoss Ground Weapons Level 1 (Chrono Boost)  
  80  7:07  Probe  
  80  7:08  Probe  
  82  7:15  Gateway x2  
  82  7:17  Sentry, Zealot x2  
  82  7:20  Probe  
  82  7:22  Probe  
  90  7:25  Colossus (Chrono Boost)  
  96  7:40  Probe  
  96  7:41  Probe x2  
  99  7:44  Shield Battery  
  99  7:49  Zealot x2, Stalker  
  105  7:52  Assimilator  
  105  7:53  Extended Thermal Lance, Probe x2  
  105  7:56  Pylon  
  107  8:03  Probe, Pylon  
  107  8:05  Pylon  
  108  8:09  Colossus (Chrono Boost)  
  108  8:10  Shield Battery  
  114  8:21  Gateway  
  114  8:23  Gateway  
  114  8:24  Gateway  
  113  8:29  Zealot x4  
  120  8:47  Zealot  
  122  8:48  Colossus (Chrono Boost)  
  122  8:52  Zealot x4  
  136  9:00  Photon Cannon  
  134  9:12  Zealot x5  
  134  9:16  Probe  
  139  9:21  Observer  
  137  9:26  Probe  
  137  9:28  Stalker x2  
  137  9:29  Pylon  
  138  9:32  Pylon  
  138  9:33  Pylon  
  138  9:34  Pylon  
  132  9:40  Zealot x4  
Tags
 
Add a new tag
Caveats
  • Supply blocks, unpowered buildings, or Contaminate may cause inaccurate times.
  • Supply counts are checked every 10 seconds.